| TOP OF THE 1ST |
|
Montreal Expos batting - Pitching for New York Yankees : RHP John Brice
|
|
Pitching: RHP John Brice
|
|
|
Batting: RHB Robby Juarez
|
0-0: Ball 1-0: Fly out, F9 (Flyball, 9, EV 86.9 MPH)
|
|
Batting: SHB Bran Stark
|
0-0: Ball 1-0: Ball 2-0: Fly out, F8 (Flyball, 8RD, EV 90.0 MPH)
|
|
Batting: RHB Mike Salmon
|
0-0: Called Strike 0-1: Fly out, F3 (Popup, 3F, EV 73.1 MPH)
|
| Top of the 1st over - 0 runs, 0 hits, 0 errors, 0 left on base; Montreal 0 - New York 0 |
| BOTTOM OF THE 1ST |
|
New York Yankees batting - Pitching for Montreal Expos : LHP Kyle Schlosschlonghair
|
|
Pitching: LHP Kyle Schlosschlonghair
|
|
|
Batting: LHB Jason Peck
|
0-0: Ball 1-0: Ball 2-0: Called Strike 2-1: Foul Ball, location: 2F 2-2: Strikes out looking
|
|
Batting: LHB Evan Torraville
|
0-0: Called Strike 0-1: Foul Ball, location: 2F 0-2: Fly out, F7 (Flyball, 7S, EV 90.6 MPH)
|
|
Batting: RHB C.J. Richerson
|
0-0: Called Strike 0-1: Ground out 6-3 (Groundball, 6, EV 103.8 MPH)
|
| Bottom of the 1st over - 0 runs, 0 hits, 0 errors, 0 left on base; Montreal 0 - New York 0 |
| TOP OF THE 2ND |
|
Montreal Expos batting - Pitching for New York Yankees : RHP John Brice
|
|
Batting: RHB Hugo Bautista
|
0-0: Swinging Strike 0-1: Ground out 6-3 (Groundball, 56, EV 103.1 MPH)
|
|
Batting: LHB Steve Anderson
|
0-0: Called Strike 0-1: Ball 1-1: Foul Ball, location: 2F 1-2: Fly out, F7 (Flyball, 78D, EV 85.0 MPH)
|
|
Batting: LHB Jimmy Buscemi
|
0-0: Swinging Strike 0-1: Swinging Strike 0-2: Ball 1-2: Ball 2-2: Strikes out swinging
|
| Top of the 2nd over - 0 runs, 0 hits, 0 errors, 0 left on base; Montreal 0 - New York 0 |
| BOTTOM OF THE 2ND |
|
New York Yankees batting - Pitching for Montreal Expos : LHP Kyle Schlosschlonghair
|
|
Batting: RHB Geni Prawiranega
|
0-0: DOUBLE (Line Drive, 9LM, EV 105.6 MPH)
|
|
Batting: LHB Jim Skare
|
0-0: Foul Ball, location: 2F 0-1: Ball 1-1: Ball 2-1: Ball 3-1: Foul Ball, location: 2F 3-2: Foul Ball, location: 2F 3-2: Strikes out swinging
|
|
Batting: RHB Kai Bellow
|
0-0: Ball 1-0: Fly out, F8 (Flyball, 8RD, EV 95.6 MPH)
|
|
Batting: LHB Jordan de Jesus
|
0-0: Called Strike 0-1: Ground out U3 (Groundball, 3, EV 83.1 MPH)
|
| Bottom of the 2nd over - 0 runs, 1 hit, 0 errors, 1 left on base; Montreal 0 - New York 0 |
| TOP OF THE 3RD |
|
Montreal Expos batting - Pitching for New York Yankees : RHP John Brice
|
|
Batting: RHB John Ham
|
0-0: Ball 1-0: Ball 2-0: Ball 3-0: Base on Balls
|
|
Batting: SHB Hans Mikkelsen
|
0-0: Called Strike 0-1: Foul Ball, location: 2F 0-2: Strikes out looking
|
|
Batting: RHB Nick Sharp
|
0-0: Ball 1-0: Fielders Choice at 2nd, 2-4 (Groundball, 15S, EV 65.0 MPH)
|
|
Batting: RHB Robby Juarez
|
0-0: Ball 1-0: Ball 2-0: Fly out, F9 (Flyball, 89D, EV 80.0 MPH)
|
| Top of the 3rd over - 0 runs, 0 hits, 0 errors, 1 left on base; Montreal 0 - New York 0 |
| BOTTOM OF THE 3RD |
|
New York Yankees batting - Pitching for Montreal Expos : LHP Kyle Schlosschlonghair
|
|
Batting: LHB David Bramble
|
0-0: Ball 1-0: Fly out, F4 (Popup, 34, EV 68.8 MPH)
|
|
Batting: LHB Yao-pang Tien
|
0-0: Called Strike 0-1: Ball 1-1: Ball 2-1: Swinging Strike 2-2: Reached on error, E4 (Groundball, 4, EV 106.2 MPH)
|
|
Batting: LHB Jason Peck
|
0-0: Ball 1-0: Fly out, F8 (Line Drive, 8RM, EV 96.9 MPH)
|
|
Batting: LHB Evan Torraville
|
0-0: Ball 1-0: Called Strike 1-1: Foul Ball, location: 2F 1-2: 2-RUN HOME RUN (Flyball, 9D, EV 95.6 MPH), Distance : 359 ft
|
|
Batting: RHB C.J. Richerson
|
0-0: Called Strike 0-1: Ball 1-1: Ball 2-1: Swinging Strike 2-2: Ball 3-2: Base on Balls
|
|
Batting: RHB Geni Prawiranega
|
0-0: Ball 1-0: Called Strike 1-1: Ball C.J. Richerson is caught stealing 2nd base 2-4
|
| Bottom of the 3rd over - 2 runs, 1 hit, 1 error, 0 left on base; Montreal 0 - New York 2 |
| TOP OF THE 4TH |
|
Montreal Expos batting - Pitching for New York Yankees : RHP John Brice
|
|
Batting: SHB Bran Stark
|
0-0: Foul Ball, location: 2F 0-1: Foul Ball, location: 2F 0-2: Strikes out swinging
|
|
Batting: RHB Mike Salmon
|
0-0: Foul Ball, location: 2F 0-1: Foul Ball, location: 2F 0-2: Ball 1-2: Ball 2-2: Foul Ball, location: 2F 2-2: Ball 3-2: TRIPLE (Flyball, 8LXD, EV 100.6 MPH)
|
|
Batting: RHB Hugo Bautista
|
0-0: Ball 1-0: Called Strike 1-1: Called Strike 1-2: Strikes out swinging
|
|
Batting: LHB Steve Anderson
|
0-0: Foul Ball, location: 2F 0-1: Foul Ball, location: 2F 0-2: SINGLE (Groundball, 6S, EV 74.4 MPH) (infield hit) Mike Salmon scores
|
|
Batting: LHB Jimmy Buscemi
|
0-0: Called Strike 0-1: Ball 1-1: Ball 2-1: Swinging Strike 2-2: Foul Ball, location: 2F 2-2: Strikes out swinging
|
| Top of the 4th over - 1 run, 2 hits, 0 errors, 1 left on base; Montreal 1 - New York 2 |
| BOTTOM OF THE 4TH |
|
New York Yankees batting - Pitching for Montreal Expos : LHP Kyle Schlosschlonghair
|
|
Batting: RHB Geni Prawiranega
|
0-0: Hit by Pitch
|
|
Batting: LHB Jim Skare
|
0-0: Fly out, F8 (Line Drive, 8RM, EV 92.5 MPH)
|
|
Batting: RHB Kai Bellow
|
0-0: Ball 1-0: Swinging Strike 1-1: Ball 2-1: Ball 3-1: Called Strike 3-2: Fly out, F8 (Line Drive, 8RM, EV 96.9 MPH)
|
|
Batting: LHB Jordan de Jesus
|
0-0: Ball 1-0: Called Strike 1-1: Foul Ball, location: 2F 1-2: SINGLE (Groundball, 5S, EV 74.4 MPH) (infield hit) Geni Prawiranega to second
|
|
Batting: LHB David Bramble
|
0-0: 3-RUN HOME RUN (Line Drive, 9D, EV 102.5 MPH), Distance : 401 ft
|
|
Pitching: RHP Joel Beggs
|
|
|
Batting: LHB Yao-pang Tien
|
0-0: Ground out U3 (Groundball, 3, EV 83.8 MPH)
|
| Bottom of the 4th over - 3 runs, 2 hits, 0 errors, 0 left on base; Montreal 1 - New York 5 |
| TOP OF THE 5TH |
|
Montreal Expos batting - Pitching for New York Yankees : RHP John Brice
|
|
Batting: RHB John Ham
|
0-0: Ball 1-0: Foul Ball, location: 2F 1-1: Fly out, F7 (Line Drive, 7, EV 95.6 MPH)
|
|
Batting: SHB Hans Mikkelsen
|
0-0: Fly out, F9 (Flyball, 9, EV 82.5 MPH)
|
|
Batting: RHB Nick Sharp
|
0-0: Swinging Strike 0-1: DOUBLE (Line Drive, 9LS, EV 101.2 MPH)
|
|
Batting: RHB Robby Juarez
|
0-0: Ball 1-0: TRIPLE (Flyball, 78XD, EV 111.2 MPH) Nick Sharp scores
|
|
Batting: SHB Bran Stark
|
0-0: SINGLE (Groundball, 6D, EV 94.4 MPH) Robby Juarez scores
|
|
Batting: RHB Mike Salmon
|
0-0: Ball 1-0: Called Strike 1-1: Foul Ball, location: 2F 1-2: Ground out 5-3 (Groundball, 56, EV 105.0 MPH)
|
| Top of the 5th over - 2 runs, 3 hits, 0 errors, 1 left on base; Montreal 3 - New York 5 |
| BOTTOM OF THE 5TH |
|
New York Yankees batting - Pitching for Montreal Expos : RHP Joel Beggs
|
|
Batting: LHB Jason Peck
|
0-0: Foul Ball, location: 2F 0-1: Ball 1-1: Foul Ball, location: 2F 1-2: Ball 2-2: Ground out 6-3 (Groundball, 6, EV 100.0 MPH)
|
|
Batting: LHB Evan Torraville
|
0-0: Called Strike 0-1: Ball 1-1: Fly out, F7 (Line Drive, 7, EV 90.6 MPH)
|
|
Batting: RHB C.J. Richerson
|
0-0: Foul Ball, location: 2F 0-1: Swinging Strike 0-2: Ball 1-2: Strikes out looking
|
| Bottom of the 5th over - 0 runs, 0 hits, 0 errors, 0 left on base; Montreal 3 - New York 5 |
| TOP OF THE 6TH |
|
Montreal Expos batting - Pitching for New York Yankees : RHP John Brice
|
|
Batting: RHB Hugo Bautista
|
0-0: Foul Ball, location: 2F 0-1: SINGLE (Groundball, 34D, EV 93.8 MPH)
|
|
Batting: LHB Steve Anderson
|
0-0: Ball 1-0: Called Strike 1-1: Ball 2-1: Fielders Choice at 2nd, 5-4 (Groundball, 5D, EV 109.4 MPH)
|
|
Batting: LHB Jimmy Buscemi
|
0-0: Called Strike 0-1: Foul Ball, location: 2F 0-2: Strikes out swinging
|
|
Batting: RHB John Ham
|
0-0: Called Strike 0-1: Called Strike 0-2: Ball 1-2: Fielders Choice at 2nd, U4 (Groundball, 4M, EV 83.1 MPH)
|
| Top of the 6th over - 0 runs, 1 hit, 0 errors, 1 left on base; Montreal 3 - New York 5 |
| BOTTOM OF THE 6TH |
|
New York Yankees batting - Pitching for Montreal Expos : RHP Joel Beggs
|
|
Batting: RHB Geni Prawiranega
|
0-0: Ball 1-0: Ground out 6-3 (Groundball, 56D, EV 86.9 MPH)
|
|
Batting: LHB Jim Skare
|
0-0: Called Strike 0-1: Called Strike 0-2: Ground out 2-3 (Groundball, 13S, EV 62.5 MPH)
|
|
Batting: RHB Kai Bellow
|
0-0: Called Strike 0-1: Swinging Strike 0-2: Ball 1-2: Ball 2-2: Foul Ball, location: 2F 2-2: Strikes out swinging
|
| Bottom of the 6th over - 0 runs, 0 hits, 0 errors, 0 left on base; Montreal 3 - New York 5 |
| TOP OF THE 7TH |
|
Montreal Expos batting - Pitching for New York Yankees : RHP John Brice
|
|
Batting: SHB Hans Mikkelsen
|
0-0: Called Strike 0-1: Foul Ball, location: 2F 0-2: Ball 1-2: Ball 2-2: Strikes out swinging
|
|
Batting: RHB Nick Sharp
|
0-0: Ball 1-0: Foul Ball, location: 2F 1-1: Swinging Strike 1-2: Strikes out swinging, 2-3 out at first.
|
|
Batting: RHB Robby Juarez
|
0-0: Called Strike 0-1: Ball 1-1: Ball 2-1: Ball 3-1: Called Strike 3-2: Ground out 1-3 (Groundball, 13, EV 68.1 MPH)
|
| Top of the 7th over - 0 runs, 0 hits, 0 errors, 0 left on base; Montreal 3 - New York 5 |
| BOTTOM OF THE 7TH |
|
New York Yankees batting - Pitching for Montreal Expos : RHP Joel Beggs
|
|
Batting: LHB Jordan de Jesus
|
0-0: Ball 1-0: Ball 2-0: Foul Ball, location: 2F 2-1: Foul Ball, location: 2F 2-2: Ground out 4-3 (Groundball, 4S, EV 88.8 MPH)
|
|
Batting: LHB David Bramble
|
0-0: Called Strike 0-1: Ball 1-1: Fly out, F8 (Flyball, 89M, EV 88.8 MPH)
|
|
Batting: LHB Yao-pang Tien
|
0-0: Fly out, F9 (Flyball, 9LS, EV 88.1 MPH)
|
| Bottom of the 7th over - 0 runs, 0 hits, 0 errors, 0 left on base; Montreal 3 - New York 5 |
| TOP OF THE 8TH |
|
Montreal Expos batting - Pitching for New York Yankees : RHP John Brice
|
|
Pitching: RHP Martin Goyer
|
|
|
Batting: SHB Bran Stark
|
0-0: Called Strike 0-1: Foul Ball, location: 2F 0-2: Ball 1-2: Ball 2-2: Foul Ball, location: 2F 2-2: Ball 3-2: Strikes out swinging
|
|
Batting: RHB Mike Salmon
|
0-0: Ball 1-0: Called Strike 1-1: Ground out 5-3 (Groundball, 56S, EV 88.8 MPH)
|
|
Batting: RHB Hugo Bautista
|
0-0: Ball 1-0: Ball 2-0: Called Strike 2-1: Called Strike 2-2: Reached via error on a dropped throw from 1B, E1 (Groundball, 34, EV 99.4 MPH)
|
|
Batting: LHB Steve Anderson
|
0-0: Called Strike 0-1: Foul Ball, location: 2F 0-2: Ball 1-2: Ball 2-2: Foul Ball, location: 2F 2-2: Ball 3-2: DOUBLE (Flyball, 8LXD, EV 105.6 MPH) Hugo Bautista to third Hugo Bautista scores
|
|
Pinch Runner at 2nd Wen-hua Lei:
|
|
|
Batting: LHB Jimmy Buscemi
|
0-0: Ball 1-0: Ball 2-0: Called Strike 2-1: Ball 3-1: Base on Balls
|
|
Batting: RHB John Ham
|
0-0: Called Strike 0-1: Ball 1-1: Called Strike 1-2: Fly out, F8 (Flyball, 8RD, EV 101.9 MPH)
|
| Top of the 8th over - 1 run, 1 hit, 1 error, 2 left on base; Montreal 4 - New York 5 |
| BOTTOM OF THE 8TH |
|
New York Yankees batting - Pitching for Montreal Expos : RHP Joel Beggs
|
|
Now at 3B: Robby Juarez
|
|
|
Now at SS: Wen-hua Lei
|
|
|
Batting: LHB Jason Peck
|
0-0: Foul Ball, location: 2F 0-1: Called Strike 0-2: Fly out, F9 (Flyball, 89M, EV 90.6 MPH)
|
|
Batting: LHB Evan Torraville
|
0-0: Ball 1-0: Fly out, F8 (Line Drive, 8LD, EV 90.0 MPH)
|
|
Batting: RHB C.J. Richerson
|
0-0: Foul Ball, location: 2F 0-1: Ground out 6-3 (Groundball, P, EV 86.2 MPH)
|
| Bottom of the 8th over - 0 runs, 0 hits, 0 errors, 0 left on base; Montreal 4 - New York 5 |
| TOP OF THE 9TH |
|
Montreal Expos batting - Pitching for New York Yankees : RHP Martin Goyer
|
|
Pitching: LHP Robert Cruz
|
|
|
Now in LF: David Bramble
|
|
|
Now in CF: Alejandro Soriano
|
|
|
Now in RF: Evan Torraville
|
|
|
Batting: SHB Hans Mikkelsen
|
0-0: Called Strike 0-1: SINGLE (Flyball, 4D, EV 96.2 MPH)
|
|
Batting: RHB Nick Sharp
|
0-0: Sac Bunt to 13S - play at first, batter OUT! 1-4 Hans Mikkelsen to second
|
|
Batting: RHB Robby Juarez
|
0-0: Ball 1-0: Called Strike 1-1: Ball 2-1: Ball 3-1: Fly out, F7 (Flyball, 7S, EV 96.9 MPH)
|
|
Batting: SHB Bran Stark
|
0-0: Ball 1-0: Ball 2-0: Swinging Strike 2-1: Called Strike 2-2: Strikes out swinging
|
| Top of the 9th over - 0 runs, 1 hit, 0 errors, 1 left on base; Montreal 4 - New York 5 |
|